 Dungeon Crawl Stone Soup version 0.30-a0-639-g3916f1956a (webtiles) character file.

Game seed: 15650727355959916060

10490 timneilson the Carver (level 11, -1/84 HPs)
             Began as a Demonspawn Gladiator on Jan 16, 2023.
             Was a Believer of Qazlal.
             Shot with a bolt by an orc warrior (17 damage)
             ... on level 11 of the Dungeon.
             The game lasted 00:18:40 (9222 turns).

timneilson the Carver (Demonspawn Gladiator)        Turns: 9222, Time: 00:18:40

Health: -1/84      AC: 11    Str: 18    XL:     11   Next: 36%
Magic:  0/15       EV:  9    Int: 11    God:    Qazlal [**....]
Gold:   496        SH:  3    Dex: 14    Spells: 10/10 levels left

rFire   + . .      SeeInvis .    a - +1 long sword (protect)
rCold   . . .      Faith    .    (no shield)
rNeg    . . .      Spirit   +    E - +0 plate armour
rPois   .          Reflect  .    (helmet restricted)
rElec   .          Harm     .    r - +1 cloak
rCorr   .          Rampage  .    c - +0 pair of gloves
Will    .....                    C - +0 pair of boots Stlth
                                 o - amulet of guardian spirit
HPRegen 0.34/turn                g - ring of protection from fire
MPRegen 0.28/turn                j - ring of flight

@: corroded, flying, hasted, very quick
A: horns 1, spiny 3, magic regeneration, sturdy frame 1
a: Renounce Religion, Upheaval


You were on level 11 of the Dungeon.
You worshipped Qazlal.
Qazlal was pleased with you.
You visited 2 branches of the dungeon, and saw 12 of its levels.
You visited the Abyss 1 time.

You collected 668 gold pieces.
You spent 172 gold pieces at shops.

Inventory:

Hand Weapons
 a - a +1 long sword of protection (weapon)
Missiles
 d - 4 throwing nets (quivered)
 e - a javelin
Armour
 c - a +0 pair of gloves (worn)
 r - a +1 cloak (worn)
 C - a +0 pair of boots (worn)
 E - a +0 plate armour (worn)
Jewellery
 g - a ring of protection from fire (left hand)
 j - a ring of flight (right hand)
 o - an amulet of guardian spirit (around neck)
Wands
 u - a wand of flame (16)
 y - a wand of digging (4)
 B - a wand of roots (26)
 D - a wand of acid (11)
Scrolls
 h - 2 scrolls of fear
 i - 2 scrolls of immolation
 m - 10 scrolls of teleportation
 t - 2 scrolls of enchant armour
 G - 3 scrolls of magic mapping
 H - a scroll of enchant weapon
Potions
 b - 3 potions of attraction
 f - 3 potions of flight {unknown}
 k - 2 potions of cancellation
 l - 5 potions of brilliance
 q - a potion of lignification {unknown}
 s - a potion of haste
 v - 2 potions of mutation
 w - a potion of might {unknown}
 x - a potion of ambrosia {unknown}
 z - a potion of resistance {unknown}
 A - 5 potions of curing
 J - a potion of magic {unknown}


   Skills:
 + Level 7.1 Fighting
 * Level 9.3 Long Blades
 - Level 1.7 Throwing
 * Level 8.8 Armour
 + Level 6.7 Dodging
 + Level 5.3 Invocations
 + Level 5.5 Evocations


You had 10 spell levels left.
You didn't know any spells.
Your spell library contained the following spells:

 Spells                   Type           Power      Damage    Failure   Level
 Foxfire                  Conj/Fire      0%         2x1d4     99%         1
 Magic Dart               Conj           0%         1d3       99%         1
 Ensorcelled Hibernation  Hex/Ice        0%         N/A       100%        2
 Passwall                 Tmut/Erth      0%         N/A       100%        2
 Searing Ray              Conj           0%         2d4       100%        2
 Swiftness                Air            0%         N/A       100%        3
 Tukima's Dance           Hex            0%         N/A       100%        3
 Fulminant Prism          Conj/Hex       0%         3d5       100%        4
 Passage of Golubria      Tloc           0%         N/A       100%        4
 Fireball                 Conj/Fire      0%         3d3       100%        5
 Yara's Violent Unravell  Hex/Tmut       0%         3d3       100%        5
 Starburst                Conj/Fire      0%         6d3       100%        6


Dungeon Overview and Level Annotations

Branches:
Dungeon (11/15)            Temple (1/1) D:5            Lair (0/5) D:10
    Orc (0/2) D:11

Altars:
Ashenzari
Cheibriados
Dithmenos
Fedhas
Gozag
Hepliaklqana
Kikubaaqudgha
Makhleb
Nemelex Xobeh
Okawaru
Qazlal
Ru
Sif Muna
Trog
Uskayaw
Vehumet
Wu Jian
Xom
Yredelemnul

Shops:
D:4 [   D:6 *   D:7 :[   D:9 (   D:11 *


Innate Abilities, Weirdness & Mutations

You have a pair of small horns on your head.
You are completely covered in sharp spines.
You regenerate magic rapidly.
Your movements are slightly less encumbered by armour. (ER -2)


Message History

* * * LOW HITPOINT WARNING * * *
The orc warrior shoots a bolt.
The bolt hits you but does no damage.
You feel better.
The killer bee stings you but does no damage.
You block the killer bee's attack. The orc is struck by your spines.
You kill the orc!
Qazlal accepts your kill. The orc barely misses you.
You feel much better.
The killer bee stings you but does no damage.
You block the killer bee's attack. The orc hits you but does no damage.
The troll is struck by your spines. The troll bites you!
The troll claws you but does no damage. The troll claws you.
* * * LOW HITPOINT WARNING * * *
Okay, then.
It was a potion of haste.
You feel yourself speed up. The killer bee stings you.
* * * LOW HITPOINT WARNING * * *
The killer bee barely misses you.
The orc hits you from afar with a +0 trident.
* * * LOW HITPOINT WARNING * * *
The orc is struck by your spines.
You kill the orc!
Qazlal accepts your kill. The troll bites you but does no damage.
The troll claws you but does no damage. You block the troll's attack.
The orc wizard gestures wildly while chanting.
The orc wizard flickers and vanishes!
Deactivating autopickup; reactivate with Ctrl-A.
The killer bee barely misses you.
The killer bee attacks as you move away!
The killer bee is struck by your spines.
You kill the killer bee!
Qazlal accepts your kill.
The orc warrior shoots a bolt.
The bolt hits you.
* * * LOW HITPOINT WARNING * * *
The orc warrior shoots a bolt.
The bolt hits you.
* * * LOW HITPOINT WARNING * * *
The orc warrior shoots a bolt.
The bolt hits you!!
You die...

....>.........# #....>......#
...............# ###...........#
...............# #......∩......#
.......$.......###..............
........................<.......
..........T...^...........####..
.........o○R.............## .
.........○§oo..☼.........#
#.....○☼###.{°..@........# .
.....○o..#...T...........# ..
$.#.○.#.$#..#............#####...
# #.○.#######....................
..#T.○#..#..#....................
..C...○..#.......)...............
#......○###.............[........
...###......###..................
... #........#...................


You could see 2 trolls, an efreet, 2 orc warriors and an orc.

Vanquished Creatures
  3 two-headed ogres
  An unseen horror (D:11)
  A troll (D:10)
  A hornet (D:8)
  The ghost of Newt the Trooper, an amateur DsGl of Qazlal (D:6)
  Grinder (D:5)
  Sigmund (D:6)
  12 yaks
  A wyvern (D:10)
  Eustachio (D:5)
  4 vampire mosquitoes
  2 steam dragons
  3 acid dragons
  3 water moccasins
  2 orc warriors (D:9)
  3 ice beasts
  5 black bears
  A sky beast (D:6)
  3 centaurs
  2 phantoms (D:6)
  A kobold brigand (D:8)
  4 bullfrogs
  A wyvern zombie (D:6)
  2 necrophages (D:6)
  A gnoll sergeant (D:8)
  2 scorpions
  13 wights
  6 killer bees
  3 howler monkeys (D:10)
  A spectral centaur (D:6)
  A jelly (D:7)
  4 orc priests
  Crazy Yiuf (D:5)
  2 gnoll boudas
  4 iguanas
  Jessica (D:2)
  Ijyb (D:5)
  Natasha (thrice) (D:2 D:1)
  5 orc wizards
  Robin (D:2)
  17 gnolls
  7 adders
  A shadow imp (D:5)
  2 howler monkey simulacra (D:6)
  2 ufetubi
  A worm (D:2)
  3 dart slugs
  23 orcs
  5 bats
  2 endoplasms (D:4)
  5 giant cockroaches
  13 goblins
  8 hobgoblins
  9 kobolds
  5 quokkas
  7 ball pythons
  A frilled lizard (D:1)
  7 rats
226 creatures vanquished.

Vanquished Creatures (others)
  A centaur zombie (D:6)
1 creature vanquished.

Grand Total: 227 creatures vanquished

Notes
Turn   | Place    | Note
-------+----------+-------------------------------------------
     0 | D:1      | timneilson the Demonspawn Gladiator began the quest for the
                  | Orb.
     0 | D:1      | Reached XP level 1. HP: 16/16 MP: 1/1
    26 | D:1      | Found a faded altar of an unknown god.
   171 | D:1      | Gained mutation: You regenerate magic rapidly. [demonic
                  | ancestry]
   171 | D:1      | Reached XP level 2. HP: 22/22 MP: 2/2
   294 | D:1      | Reached skill level 1 in Armour
   416 | D:1      | Reached skill level 3 in Long Blades
   679 | D:2      | Noticed Natasha
   686 | D:2      | Killed Natasha
   687 | D:2      | Reached XP level 3. HP: 4/28 MP: 1/3
   850 | D:2      | Noticed Jessica
   856 | D:2      | Killed Jessica
   857 | D:2      | Reached XP level 4. HP: 26/34 MP: 4/4
  1032 | D:2      | Noticed Natasha
  1040 | D:1      | Killed Natasha
  1048 | D:1      | Noticed Natasha
  1052 | D:1      | Killed Natasha
  1131 | D:2      | Gained mutation: Your movements are slightly less
                  | encumbered by armour. (ER -2) [demonic ancestry]
  1131 | D:2      | Reached XP level 5. HP: 39/39 MP: 5/5
  1293 | D:3      | Noticed Robin
  1385 | D:2      | Killed Robin
  1388 | D:2      | HP: 2/40 [scorpion (4)]
  1393 | D:2      | Reached skill level 4 in Long Blades
  1596 | D:3      | Reached XP level 6. HP: 30/47 MP: 6/6
  1662 | D:3      | Identified the +7 short sword of Nischasog {freeze, rPois
                  | Will- Dex+6 SInv}
  2251 | D:4      | Found a large runed translucent door.
  2251 | D:4      | Found a large runed translucent door.
  2516 | D:4      | Found Hatiodgh's Antique Armour Shoppe.
  2913 | D:4      | Found a radiant altar of Vehumet.
  2929 | D:4      | Found a hazy altar of Hepliaklqana.
  3031 | D:5      | Entered Level 5 of the Dungeon
  3033 | D:5      | Noticed a water moccasin
  3046 | D:5      | Killed a water moccasin
  3047 | D:5      | Gained mutation: You are partially covered in sharp spines.
                  | [demonic ancestry]
  3047 | D:5      | Reached XP level 7. HP: 18/53 MP: 5/7
  3208 | D:4      | Bought a glowing cloak for 172 gold pieces
  3227 | D:5      | Noticed Grinder
  3232 | D:5      | Killed Grinder
  3233 | D:5      | Reached skill level 5 in Long Blades
  3306 | D:5      | Found a snail-covered altar of Cheibriados.
  3357 | D:5      | Noticed Eustachio
  3367 | D:5      | Killed Eustachio
  3368 | D:5      | Reached skill level 1 in Evocations
  3434 | D:5      | Found a staircase to the Ecumenical Temple.
  3443 | Temple   | Entered the Ecumenical Temple
  3443 | Temple   | Found a transporter.
  3443 | Temple   | Found a transporter.
  3445 | Temple   | Found a transporter.
  3445 | Temple   | Found a transporter.
  3485 | D:5      | Reached XP level 8. HP: 59/60 MP: 8/8
  3627 | D:5      | Found a runed translucent door.
  3628 | D:5      | Noticed Crazy Yiuf
  3636 | D:5      | Killed Crazy Yiuf
  3794 | D:5      | Found a shimmering altar of Xom.
  3794 | D:5      | Noticed Ijyb
  3798 | D:5      | Killed Ijyb
  3846 | D:6      | Reached skill level 5 in Armour
  3862 | D:6      | Reached skill level 6 in Long Blades
  4101 | D:6      | Found Pesty's General Store.
  4352 | D:6      | Noticed Sigmund
  4359 | D:6      | Killed Sigmund
  4492 | D:6      | Reached skill level 5 in Fighting
  4492 | D:6      | Reached skill level 5 in Dodging
  4492 | D:6      | Gained mutation: You are mostly covered in sharp spines.
                  | [demonic ancestry]
  4492 | D:6      | Reached XP level 9. HP: 42/68 MP: 9/9
  4850 | D:6      | Found a runed translucent gate.
  4851 | D:6      | Found a runed translucent gate.
  4852 | D:6      | Found a runed translucent gate.
  4859 | D:6      | Noticed Newt's ghost (amateur DsGl)
  5162 | D:6      | Killed Newt's ghost
  5163 | D:6      | Reached skill level 7 in Long Blades
  5355 | D:7      | Found Zadd's Antique Armour Shop.
  5391 | D:7      | Found a sparkling altar of Nemelex Xobeh.
  5482 | D:7      | Found a stormy altar of Qazlal.
  5493 | D:7      | Became a worshipper of Qazlal Stormbringer
  5536 | D:7      | Reached skill level 1 in Invocations
  5844 | D:7      | Found Dergh's Book Shop.
  6016 | D:8      | Found an iron altar of Okawaru.
  6056 | Abyss:1  | Cast into level 1 of the Abyss (gnoll sergeant)
  6057 | Abyss:1  | Found a corrupted altar of Lugonu.
  6086 | Abyss:1  | Found an ornate altar of the Wu Jian Council.
  6089 | D:8      | Escaped the Abyss
  6491 | D:8      | Reached * piety under Qazlal
  6556 | D:8      | Gained mutation: You are completely covered in sharp
                  | spines. [demonic ancestry]
  6556 | D:8      | Reached XP level 10. HP: 76/76 MP: 11/11
  7194 | D:9      | Reached skill level 8 in Long Blades
  7627 | D:9      | Found a shadowy altar of Dithmenos.
  7690 | D:9      | Noticed a two-headed ogre
  7707 | D:9      | Killed a two-headed ogre
  7873 | D:9      | Found Fyreg Celuwk's Weapon Shoppe.
  8017 | D:10     | Entered Level 10 of the Dungeon
  8053 | D:10     | Noticed a two-headed ogre
  8067 | D:10     | Killed a two-headed ogre
  8075 | D:10     | Reached skill level 5 in Evocations
  8077 | D:10     | Reached ** piety under Qazlal
  8196 | D:9      | Gained mutation: You have a pair of small horns on your
                  | head. [demonic ancestry]
  8196 | D:9      | Reached XP level 11. HP: 56/83 MP: 11/14
  8212 | D:10     | Reached skill level 9 in Long Blades
  8421 | D:10     | Found a hide-covered altar of Uskayaw.
  8448 | D:10     | Reached skill level 5 in Invocations
  8498 | D:10     | Found an ancient bone altar of Kikubaaqudgha.
  8715 | D:10     | Found a staircase to the Lair.
  9080 | D:11     | Found Buvoec's General Store.
  9090 | D:11     | Noticed a two-headed ogre
  9101 | D:11     | Killed a two-headed ogre
  9158 | D:11     | Identified the +1 robe of the Lily {rElec Will+++ rCorr
                  | Dex-3}
  9210 | D:11     | Found a staircase to the Orcish Mines.
  9213 | D:11     | HP: 4/84 [something (2)]
  9222 | D:11     | Shot with a bolt by an orc warrior

Illustrated notes

Levels and vault maps discovered:
D:1:      dreamdust_arrival_sigmund_warning, layout_rooms,
          hellmonk_ecumenical_altar_blasted
D:2:      layout_basic, uniq_natasha, uniq_jessica
D:3:      layout_basic, kennysheep_generic_room_12, uniq_robin
D:4:      layout_loops_ring, jmf_multi_god_temple2, serial_shops,
          nicolae_shop_trees, eino_curves_02
D:5:      layout_rooms, cheibriados_altar_1, mainiacjoe_overflow_alcove_4,
          temple_statues, uniq_crazy_yiuf_cottage, uniq_grinder, uniq_eustachio,
          uniq_ijyb
D:6:      layout_layer_cave, gammafunk_ghost_necromancy, serial_shops,
          nicolae_shop_trees, kennysheep_generic_room_16, uniq_sigmund
D:7:      nicolae_cairo_tiling_large, layout_loops_ring,
          nicolae_qazlal_scattered_showers, nemelex_xobeh_ov_fountains_minmay,
          serial_shops, shop, shop
D:8:      layout_loops_ring, mainiacjoe_overflow_24_doors, lemuel_doored_altar,
          lemuel_flamethrower_2
D:9:      layout_small_grid, mainiacjoe_overflow_surrounded_room, serial_shops,
          nicolae_shop_bloodbath_and_beyond
D:10:     layout_loops_ring, nicolae_overflow_hidden_temple,
          mainiacjoe_overflow_concentric_impassable, david_lair_generic
D:11:     hangedman_cross_cluster, layout_irregular_city, serial_shops,
          nicolae_stop_n_shop_2, ebering_ghost_xom, chequers_jeans
Temple:   hellmonk_temple_divided_pantheon

Skill      XL: |  1  2  3  4  5  6  7  8  9 10 11 |
---------------+----------------------------------+-----
Armour         | 1 2 3 4 5 7 8 |  8.8
Long Blades    | 3 4 5 6 7 8 9 |  9.3
Dodging        | 3 4 5 6 |  6.7
Fighting       | 3 4 5 6 7 |  7.1
Evocations     | 1 2 4 5 |  5.5
Invocations    | 2 4 5 |  5.3
Throwing       | |  1.7

Action                   |  1- 3 |  4- 6 |  7- 9 | 10-12 || total
-------------------------+-------+-------+-------+-------++-------
Melee: Long sword        |    72 |   159 |   180 |   192 ||   603
       Punch             |       |     1 |     2 |     3 ||     6
       Headbutt          |       |       |       |    24 ||    24
  Use: Scroll            |     3 |     9 |     3 |     1 ||    16
       Potion            |       |     2 |       |     8 ||    10
Armor: Scale mail        |    16 |       |       |       ||    16
       Chain mail        |    29 |   140 |   154 |   108 ||   431
       Plate armour      |       |       |       |    54 ||    54
Dodge: Dodged            |    45 |   137 |   142 |   128 ||   452
Block: Other             |       |       |     1 |    26 ||    27

Table legend: (Time is in decaauts)
 A = Elapsed time spent in this place.
 B = Non-inter-level travel time spent in this place.
 C = Inter-level travel time spent in this place.
 D = Time resting spent in this place.
 E = Time spent auto-exploring this place.
 F = Levels seen in this place.
 G = Mean time per level.
                   A        B        C        D        E       F      G
               +--------+--------+--------+--------+--------+-----+--------+
         Total |   9506 |   9231 |    275 |    407 |   6848 |  13 |  731.2 |
       Dungeon |   9438 |   9172 |    266 |    407 |   6845 |  11 |  858.0 |
        Temple |     35 |     26 |      9 |      0 |      3 |   1 |   35.0 |
         Abyss |     32 |     32 |      0 |      0 |      0 |   1 |   32.0 |
               +--------+--------+--------+--------+--------+-----+--------+

Top non-repeatable levels by time:
     D:6: 1510 daAuts
     D:9: 1146 daAuts
     D:4: 1016 daAuts
     D:8: 992 daAuts
     D:2: 951 daAuts
    D:10: 936 daAuts
     D:3: 872 daAuts
     D:7: 686 daAuts
     D:5: 631 daAuts
     D:1: 553 daAuts
    D:11: 138 daAuts
  Temple: 35 daAuts
 Abyss:1: 32 daAuts
